 Dungeon Crawl Stone Soup version 0.23.0 (webtiles) character file.

Game seed: 2195623851909353259

37 inmateoo the Grasshopper (level 3, 0/17 HPs)
             Began as a Felid Warper on Feb 12, 2019.
             Slain by an adder (5 damage)
             ... on level 1 of the Dungeon.
             The game lasted 00:02:15 (1937 turns).

inmateoo the Grasshopper (Felid Warper)             Turns: 1937, Time: 00:02:16

Health: 0/17       AC:  1    Str:  7    XL:     3   Next: 23%
Magic:  6/7        EV: 18    Int: 15    God:
Gold:   33         SH:  0    Dex: 15    Spells: 4/6 levels left
                                        Lives:  0   Deaths: 0

rFire    . . .     SeeInvis +     - Unarmed
rCold    . . .     Gourm    .   (shield unavailable)
rNeg     . . .     Faith    .   (armour unavailable)
rPois    .         Spirit   .   (helmet unavailable)
rElec    .         Reflect  .   (cloak unavailable)
rCorr    .         Harm     .   (gloves unavailable)
MR       .....                  (boots unavailable)
Stlth    +++.......             (no amulet)
HPRegen  0.05/turn              (no ring)
MPRegen  0.10/turn              (no ring)

@: quick
A: very small, no armour, no weapons or thrown items, stealth, claws 1, fangs 3,
see invisible, carnivore, speed 1, shaggy fur 1, slow metabolism 1, sharp paws
a: no special abilities


You were on level 1 of the Dungeon.
You were hungry.

You visited 1 branch of the dungeon, and saw 2 of its levels.

You collected 33 gold pieces.

Inventory:

Scrolls
 b - 2 scrolls of blinking
 d - a scroll of random uselessness {unknown}
 f - a scroll of identify {unknown}
 h - a scroll of teleportation {unknown}
 i - a scroll of amnesia {unknown}
Potions
 a - 2 potions of degeneration {unknown}
 e - a potion of flight {unknown}
 g - a potion of curing {unknown}
Comestibles
 c - a ration


   Skills:
 + Level 3.1 Fighting
 - Level 3.2 Dodging
 * Level 2.6 Stealth
 - Level 2.0 Unarmed Combat
 - Level 2.0 Spellcasting
 - Level 4.4 Translocations


You had 4 spell levels left.
You knew the following spells:

 Your Spells              Type           Power        Failure   Level  Hunger
a - Blink                 Tloc           N/A          5%          2    ###....

Your spell library contained the following spells:

 Spells                   Type           Power        Failure   Level  Hunger
 Gell's Gravitas          Tloc           ##........   11%         3    ###....
 Lesser Beckoning         Tloc           ##........   11%         3    ###....
 Teleport Other           Tloc           ##......     11%         3    ###....
 Shroud of Golubria       Chrm/Tloc      #.........   14%         2    ###....
 Passage of Golubria      Tloc           N/A          36%         4    #####..


Dungeon Overview and Level Annotations

Branches:
Dungeon (2/15)

Altars:


Innate Abilities, Weirdness & Mutations

You cannot wear armour.
You are incapable of wielding weapons or throwing items.
Your paws allow you to move quietly. (Stealth)
You have sharp claws.
You have razor-sharp teeth.
You have supernaturally acute eyesight. (SInv)
You are carnivorous and can eat meat at any time.
You cover ground quickly.
You are covered in fur. (AC +1)
You have a slow metabolism.
Your sharp claws are effective at attacking unaware monsters.


Message History

You climb upwards.
You feel sick.
There is a stone staircase leading down here.
Casting: Blink (safe; 5% risk of failure)
Confirm with . or Enter, or press ? or * to list all spells.
You don't know that spell.
Casting: Blink (safe; 5% risk of failure)
Confirm with . or Enter, or press ? or * to list all spells.
You blink.
The adder barely misses you.
You feel sick.
Casting: Blink (safe; 5% risk of failure)
Confirm with . or Enter, or press ? or * to list all spells.
You blink.
You feel sick.
You are no longer poisoned.
The adder barely misses you.
There is an open door here.
There is an open door here.
The adder bites you.
You die...

###### #.#.#####.#### .....#
#####....)........ ####.##
#.......#...#.###. #...#
#.###.#.......# #. #.#.# #.#
#...#...#.# #. #...# #.#
#.........# #. #.### #.#
######.#### #. #.# #(# #.# #. #.#
####@# ##'## #. #.# #..S.#
##...## #. ###.## #.####
##.....## #. #....# ####.#.##
##.......####
.....#####.......####.........###
....................'.........'..
....######.##....####.........###
###############..## ##.......##
..........#####...# ##.....#####


You could see an adder.

Vanquished Creatures
  An ooze (D:1)
  A leopard gecko (D:1)
  A bat (D:1)
  8 goblins (D:1)
  4 hobgoblins (D:1)
  A jackal (D:1)
  2 frilled lizards (D:1)
  6 kobolds (D:1)
  5 rats (D:1)
29 creatures vanquished.

Notes
Turn   | Place    | Note
-------+----------+-------------------------------------------
     0 | D:1      | inmateoo the Felid Warper began the quest for the Orb.
     0 | D:1      | Reached XP level 1. HP: 9/9 MP: 4/4
   700 | D:1      | Reached XP level 2. HP: 4/13 MP: 6/6
   712 | D:1      | Learned a level 2 spell: Blink
  1014 | D:1      | Reached skill level 1 in Stealth
  1708 | D:1      | Reached XP level 3. HP: 17/17 MP: 7/7
  1937 | D:1      | Slain by an adder

Skill      XL: |  1  2 |
---------------+-------+-----
Stealth        | 2 |  2.6
Fighting       | 3 |  3.1
Dodging        | |  3.2
Unarmed Combat | |  2.0
Spellcasting   | |  2.0
Translocations | |  4.4

Action                   || total
-------------------------++-------
Melee: Unarmed           ||    88
       Bite              ||     6
 Cast: Blink             ||     2
 Stab: Sleeping          ||     4
Armor: Skin              ||     6
Dodge: Dodged            ||    62
